 Dungeon Crawl Stone Soup version 0.27-a0-1245-g940ed4fa31 (webtiles) character file.

Game seed: 16529379289007286834

456 pokeman the Magician (level 6, 0/34 HPs)
             Began as a Deep Elf Hedge Wizard on June 9, 2021.
             Slain by Grinder (6 damage)
             ... in a sewer.
             The game lasted 00:08:10 (3384 turns).

pokeman the Magician (Deep Elf Hedge Wizard)        Turns: 3384, Time: 00:08:11

Health: 0/34       AC:  3    Str:  7    XL:     6   Next: 77%
Magic:  9/27       EV: 12    Int: 21    God:
Gold:   95         SH:  0    Dex: 14    Spells: 9/20 levels left

rFire    . . .     SeeInvis .   p - +1 whip (venom)
rCold    . . .     Faith    .   (no shield)
rNeg     . . .     Spirit   .   e - +0 leather armour
rPois    .         Reflect  .   c - +0 hat
rElec    .         Harm     .   (no cloak)
rCorr    .         Rampage  .   (no gloves)
Will     .....                  (no boots)
Stlth    ++........             (no amulet)
HPRegen  0.11/turn              i - ring of magical power
MPRegen  0.20/turn              n - ring of wizardry

@: no status effects
A: no striking features
a: no special abilities


You were in a sewer.
You visited 1 branch of the dungeon, and saw 3 of its levels.
You also visited: Sewer.

You collected 95 gold pieces.

Inventory:

Hand Weapons
 a - a +0 hand crossbow
 p - a +1 whip of venom (weapon)
Missiles
 f - 52 bolts
 k - 38 arrows
Armour
 c - a +0 hat (worn)
 e - a +0 leather armour (worn)
Jewellery
 d - an amulet of faith
 i - a ring of magical power (left hand)
 n - a ring of wizardry (right hand)
Scrolls
 b - 2 scrolls of identify {unknown}
 h - a scroll of immolation {unknown}
 j - a scroll of vulnerability {unknown}
 m - 2 scrolls of amnesia {unknown}
Potions
 g - a potion of brilliance {unknown}
 l - 5 potions of curing {unknown}
 o - a potion of might {unknown}
 q - a potion of flight {unknown}


   Skills:
 - Level 1.1 Fighting
 - Level 4.0 Dodging
 - Level 4.0 Stealth
 + Level 7.5 Spellcasting
 - Level 3.4 Conjurations
 - Level 1.1 Summonings
 - Level 1.1 Translocations
 - Level 1.2 Fire Magic


You had 9 spell levels left.
You knew the following spells:

 Your Spells              Type           Power      Damage    Failure   Level
a - Magic Dart            Conj           88%        1d7       1%          1
b - Mephitic Cloud        Conj/Pois/Air  12%        N/A       10%         3
c - Call Imp              Summ           12%        N/A       4%          2
d - Blink                 Tloc           N/A        N/A       4%          2
e - Conjure Flame         Conj/Fire      17%        6-21      6%          3

Your spell library contained the following spells:

 Spells                   Type           Power      Damage    Failure   Level
 Slow                     Hex            7%         N/A       8%          2


Dungeon Overview and Level Annotations

Branches:
Dungeon (3/15)              Sewer (1/1)

Altars:

Annotations:
Sewer Grinder


Message History

The magic dart hits Grinder but does no damage.
Grinder is severely wounded.
Grinder hits you.
You writhe in agony.
Unknown command.
Casting: Magic Dart (safe; 1% risk of failure)
Confirm with . or Enter, or press ? or * to list all spells.
Aiming: Magic Dart (safe; 1% risk of failure)
Press: ? - help, Shift-Dir - straight line, f/p - Grinder
Aim: Grinder (severely wounded, 100% to hit)
The magic dart hits Grinder.
Grinder is severely wounded.
Grinder hits you.
You writhe in agony.
Casting: Magic Dart (safe; 1% risk of failure)
Confirm with . or Enter, or press ? or * to list all spells.
Aiming: Magic Dart (safe; 1% risk of failure)
Press: ? - help, Shift-Dir - straight line, f/p - Grinder
Aim: Grinder (severely wounded, 100% to hit)
The magic dart hits Grinder.
Grinder is almost dead.
Grinder hits you.
Casting: Magic Dart (safe; 1% risk of failure)
Confirm with . or Enter, or press ? or * to list all spells.
Aiming: Magic Dart (safe; 1% risk of failure)
Press: ? - help, Shift-Dir - straight line, f/p - Grinder
Aim: Grinder (almost dead, 100% to hit)
The magic dart hits Grinder.
Grinder is almost dead.
Grinder hits you!
* * * LOW HITPOINT WARNING * * *
You writhe in agony.
* * * LOW HITPOINT WARNING * * *
Casting: Magic Dart (safe; 1% risk of failure)
Confirm with . or Enter, or press ? or * to list all spells.
Aiming: Magic Dart (safe; 1% risk of failure)
Press: ? - help, Shift-Dir - straight line, f/p - Grinder
Aim: Grinder (almost dead, 100% to hit)
The magic dart hits Grinder.
Grinder is almost dead.
Grinder hits you.
You die...

≈≈≈≈≈≈.'.≈≈##≈...≈#
≈≈≈≈≈≈≈≈≈≈≈≈≈≈.#.≈≈##≈...≈#
≈≈≈≈≈≈≈≈≈≈≈≈≈≈.#)≈≈##≈...≈#
≈≈≈≈≈≈≈≈≈≈≈≈≈≈.#..≈##≈...≈#
≈≈≈≈≈≈≈≈≈≈≈≈≈..#.≈≈###'''##
≈≈≈≈≈≈≈≈≈≈≈...#.≈≈##.....## ###
###≈#≈≈###≈#.####.###..⌠...#≈≈≈≈≈
.............≈≈#...#)....⌠.'....†
........)...≈≈≈≈@5.'.⌠._...'.....
.........)...≈≈#...#.....⌠.'.....
##≈##≈##≈###.####)###..⌠...#≈≈≈≈≈
≈≈≈≈≈≈≈≈≈≈≈≈...#.≈≈##.....#######
≈≈≈≈≈≈≈≈≈≈≈≈...#.≈≈###+++##
≈≈≈≈≈≈≈≈≈≈≈≈≈≈.#..≈#
≈≈≈≈≈≈≈≈≈≈≈≈≈.)#.≈≈#
≈≈≈≈≈≈≈≈≈≈≈≈≈≈)#÷≈≈#
≈≈≈≈≈≈≈≈≈≈≈≈≈≈.))≈≈#


You could see Grinder.

Vanquished Creatures
  Sigmund (D:2)
  A necrophage (Sewer)
  A wight (Sewer)
  8 adders
  A river rat (D:3)
  5 ufetubi (Sewer)
  A bat zombie (Sewer)
  An endoplasm (D:1)
  5 giant cockroaches
  A goblin (D:2)
  4 hobgoblins (D:1)
  3 jackals (D:2)
  20 kobolds
  3 quokkas
  11 ball pythons
  5 bats
  A frilled lizard (D:1)
  A giant cockroach zombie (Sewer)
  5 rats
78 creatures vanquished.

Vanquished Creatures (collateral kills)
  A worm (D:2)
  A ball python (Sewer)
2 creatures vanquished.

Grand Total: 80 creatures vanquished

Notes
Turn   | Place    | Note
-------+----------+-------------------------------------------
     0 | D:1      | pokeman the Deep Elf Hedge Wizard began the quest for the
                  | Orb.
     0 | D:1      | Reached XP level 1. HP: 10/10 MP: 7/7
   302 | D:1      | Reached XP level 2. HP: 10/15 MP: 1/9
   468 | D:1      | Reached skill level 5 in Spellcasting
  1251 | D:2      | Reached XP level 3. HP: 19/19 MP: 11/11
  1256 | D:2      | Learned a level 3 spell: Mephitic Cloud
  1259 | D:2      | Learned a level 2 spell: Call Imp
  1262 | D:2      | Learned a level 2 spell: Blink
  1266 | D:2      | Learned a level 3 spell: Conjure Flame
  1589 | D:2      | Noticed Sigmund
  1604 | D:2      | Killed Sigmund
  1605 | D:2      | Reached skill level 6 in Spellcasting
  1605 | D:2      | Reached XP level 4. HP: 3/24 MP: 14/14
  1605 | D:2      | Reached XP level 5. HP: 3/28 MP: 14/15
  2706 | D:3      | Reached XP level 6. HP: 27/32 MP: 17/17
  2715 | D:3      | Found a glowing drain.
  2719 | Sewer    | Entered a sewer
  2906 | Sewer    | Reached skill level 7 in Spellcasting
  3054 | Sewer    | Found an ancient bone altar of Kikubaaqudgha.
  3260 | Sewer    | Reached skill level 1 in Fighting
  3260 | Sewer    | Reached skill level 1 in Fire Magic
  3349 | Sewer    | Noticed Grinder
  3384 | Sewer    | Slain by Grinder

Illustrated notes

Levels and vault maps discovered:
D:1:      lordsloth_arrival_two_stooges, layout_loops_ring
D:2:      layout_loops_ring, grunt_decor_one_mirror, minmay_pentomino_x4,
          uniq_sigmund
D:3:      layout_loops_cross, gup_sewer_entry_spiral
Sewer:    kennysheep_sewer_church

Skill      XL: |  1  2  3  4  5  6 |
---------------+-------------------+-----
Spellcasting   | 5 6 7 |  7.5
Dodging        | 3 4 |  4.0
Stealth        | 3 4 |  4.0
Conjurations   | 2 3 |  3.4
Fighting       | 1 |  1.1
Fire Magic     | 1 |  1.2
Summonings     | |  1.1
Translocations | |  1.1

Action                   |  1- 3 |  4- 6 || total
-------------------------+-------+-------++-------
Melee: Dagger            |     3 |     3 ||     6
       Whip              |       |    23 ||    23
 Cast: Magic Dart        |    68 |   136 ||   204
       Call Imp          |     1 |     6 ||     7
       Mephitic Cloud    |     1 |     1 ||     2
       Conjure Flame     |     1 |     5 ||     6
       Blink             |       |     2 ||     2
Armor: Leather armour    |     5 |    23 ||    28
Dodge: Dodged            |    18 |    45 ||    63

Table legend: (Time is in decaauts)
 A = Elapsed time spent in this place.
 B = Non-inter-level travel time spent in this place.
 C = Inter-level travel time spent in this place.
 D = Time resting spent in this place.
 E = Time spent auto-exploring this place.
 F = Levels seen in this place.
 G = Mean time per level.
                   A        B        C        D        E       F      G
               +--------+--------+--------+--------+--------+-----+--------+
         Total |   3407 |   3348 |     59 |     40 |   2746 |   4 |  851.8 |
       Dungeon |   2737 |   2678 |     59 |     33 |   2261 |   3 |  912.3 |
         Sewer |    669 |    669 |      0 |      7 |    485 |   1 |  669.0 |
               +--------+--------+--------+--------+--------+-----+--------+

Top non-repeatable levels by time:
     D:2: 1501 daAuts
     D:1: 1095 daAuts
   Sewer: 669 daAuts
     D:3: 140 daAuts
